SKY
BOSTON RED SOX @ PORTLAND HOPS
07/27/2052
 
TOP OF THE 1ST
Boston Red Sox batting - Pitching for Portland Hops : RHP Fabian Galloway
Pitching: RHP Fabian Galloway
Batting: RHB Jalen Duke 0-0: Ball
1-0: Swinging Strike
1-1: Ball
2-1: Foul Ball, location: 9LSF
2-2: Strikes out swinging
Batting: LHB Jaxson Eisley 0-0: Called Strike
0-1: Swinging Strike
0-2: Strikes out swinging
Batting: SHB Christian Gibbs 0-0: Ball
1-0: Ball
2-0: Called Strike
2-1: Called Strike
2-2: Ground out U3 (Groundball, 34S, EV 85.0 MPH)
Top of the 1st over - 0 runs, 0 hits, 0 errors, 0 left on base; Boston 0 - Portland 0
BOTTOM OF THE 1ST
Portland Hops batting - Pitching for Boston Red Sox : RHP Ángel Villanueva
Pitching: RHP Ángel Villanueva
Batting: RHB Mason Stapleton 0-0: Called Strike
0-1: Called Strike
0-2: Ball
1-2: Ball
2-2: Ball
3-2: Ground out U3 (Groundball, 34, EV 88.1 MPH)
Batting: LHB Tyler Schember 0-0: Swinging Strike
0-1: Ball
1-1: Called Strike
1-2: Ball
2-2: Strikes out swinging
Batting: LHB Roy Popko 0-0: Swinging Strike
0-1: Called Strike
0-2: Ball
1-2: Strikes out swinging
Bottom of the 1st over - 0 runs, 0 hits, 0 errors, 0 left on base; Boston 0 - Portland 0
TOP OF THE 2ND
Boston Red Sox batting - Pitching for Portland Hops : RHP Fabian Galloway
Batting: RHB William Spicer 0-0: Called Strike
0-1: Foul Ball, location: 9LMF
0-2: Foul Ball, location: 2F
0-2: Ball
1-2: Foul Ball, location: 23F
1-2: Ball
2-2: Foul Ball, location: 25F
2-2: Foul Ball, location: 2F
2-2: Ball
3-2: SINGLE (Line Drive, 8LS, EV 86.3 MPH)
Batting: LHB Ben Viet 0-0: Called Strike
0-1: Ball
1-1: Ball
2-1: Ball
3-1: Called Strike
3-2: Strikes out swinging
William Spicer steals 2nd base
Batter strikes out.
Batting: RHB Pooh Whitney 0-0: Ball
1-0: Ball
2-0: Called Strike
2-1: Swinging Strike
2-2: Ball
3-2: Foul Ball, location: 2F
3-2: Strikes out swinging
Batting: RHB Brooks Tucker 0-0: Ball
1-0: Ball
2-0: Swinging Strike
2-1: Foul Ball, location: 23FF
2-2: Ball
3-2: Foul Ball, location: 9LMF
3-2: Strikes out swinging
Top of the 2nd over - 0 runs, 1 hit, 0 errors, 1 left on base; Boston 0 - Portland 0
BOTTOM OF THE 2ND
Portland Hops batting - Pitching for Boston Red Sox : RHP Ángel Villanueva
Batting: RHB Oliver Melendez 0-0: Ball
1-0: Ground out 5-3 (Groundball, 56S, EV 71.9 MPH)
Batting: RHB Donato Santana 0-0: Ball
1-0: Ground out 5-3 (Groundball, 56S, EV 63.1 MPH)
Batting: RHB Ben Schubert 0-0: Ball
1-0: Ball
2-0: Ball
3-0: Base on Balls
Batting: RHB Pete Koo 0-0: Swinging Strike
0-1: Ball
1-1: Ball
2-1: Foul Ball, location: 25F
2-2: Fly out, F4 (Line Drive, 4, EV 63.1 MPH)
Bottom of the 2nd over - 0 runs, 0 hits, 0 errors, 1 left on base; Boston 0 - Portland 0
TOP OF THE 3RD
Boston Red Sox batting - Pitching for Portland Hops : RHP Fabian Galloway
Batting: RHB Alastair Cooledge 0-0: Called Strike
0-1: Foul Ball, location: 2F
0-2: Strikes out swinging
Batting: LHB Chase Veliz 0-0: Ball
1-0: Foul Ball, location: 9LSF
1-1: Ball
2-1: Foul Ball, location: 5FF
2-2: Strikes out swinging
Batting: RHB Jalen Duke 0-0: Ball
1-0: Ball
2-0: Called Strike
2-1: Swinging Strike
2-2: Strikes out swinging
Top of the 3rd over - 0 runs, 0 hits, 0 errors, 0 left on base; Boston 0 - Portland 0
BOTTOM OF THE 3RD
Portland Hops batting - Pitching for Boston Red Sox : RHP Ángel Villanueva
Batting: RHB Randy Najera 0-0: Ball
1-0: Swinging Strike
1-1: SINGLE (Line Drive, 4MD, EV 110.6 MPH)
Batting: RHB Dean Cunningham 0-0: Ball
1-0: Ball
2-0: Foul Ball, location: 7LDF
2-1: Swinging Strike
2-2: Ball
3-2: Strikes out swinging
Batting: RHB Mason Stapleton 0-0: SINGLE (Groundball, 4MD, EV 105.6 MPH)
Randy Najera to second
Batting: LHB Tyler Schember 0-0: Foul Ball, location: 25F
0-1: Grounds into double play, 4-6-3 (Groundball, 34, EV 105.6 MPH)
Bottom of the 3rd over - 0 runs, 2 hits, 0 errors, 1 left on base; Boston 0 - Portland 0
TOP OF THE 4TH
Boston Red Sox batting - Pitching for Portland Hops : RHP Fabian Galloway
Batting: LHB Jaxson Eisley 0-0: Called Strike
0-1: Swinging Strike
0-2: Ball
1-2: Ball
2-2: Strikes out swinging
Batting: SHB Christian Gibbs 0-0: Ball
1-0: Ball
2-0: Foul Ball, location: 2F
2-1: Fly out, F9 (Flyball, 9, EV 98.8 MPH)
Batting: RHB William Spicer 0-0: Called Strike
0-1: Ball
1-1: Ball
2-1: Ground out 5-3 (Groundball, 56, EV 107.5 MPH)
Top of the 4th over - 0 runs, 0 hits, 0 errors, 0 left on base; Boston 0 - Portland 0
BOTTOM OF THE 4TH
Portland Hops batting - Pitching for Boston Red Sox : RHP Ángel Villanueva
Batting: LHB Roy Popko 0-0: Ball
1-0: SINGLE (Flyball, 4MD, EV 91.3 MPH)
Batting: RHB Oliver Melendez 0-0: Foul Ball, location: 5SF
0-1: Ball
1-1: SINGLE (Line Drive, 89S, EV 97.5 MPH)
Roy Popko to second
Batting: RHB Donato Santana 0-0: Fly out, F9 (Flyball, 9D, EV 108.8 MPH)
Runner from 2nd tags up, SAFE at 3rd, no throw by RF
Batting: RHB Ben Schubert 0-0: Called Strike
0-1: Ball
1-1: Grounds into double play, 6-4-3 (Groundball, 6, EV 105.0 MPH)
Bottom of the 4th over - 0 runs, 2 hits, 0 errors, 1 left on base; Boston 0 - Portland 0
TOP OF THE 5TH
Boston Red Sox batting - Pitching for Portland Hops : RHP Fabian Galloway
Batting: LHB Ben Viet 0-0: Ball
1-0: Ball
2-0: Ball
3-0: Called Strike
3-1: Fly out, F3 (Popup, 3S, EV 81.3 MPH)
Batting: RHB Pooh Whitney 0-0: Foul Ball, location: 2F
0-1: Ball
1-1: Swinging Strike
1-2: Ball
2-2: Foul Ball, location: 2F
2-2: Strikes out swinging
Batting: RHB Brooks Tucker 0-0: Ball
1-0: Ball
2-0: Swinging Strike
2-1: Ball
3-1: Base on Balls
Batting: RHB Alastair Cooledge 0-0: Ball
1-0: Fly out, F7 (Flyball, 7LD, EV 92.5 MPH)
Top of the 5th over - 0 runs, 0 hits, 0 errors, 1 left on base; Boston 0 - Portland 0
BOTTOM OF THE 5TH
Portland Hops batting - Pitching for Boston Red Sox : RHP Ángel Villanueva
Batting: RHB Pete Koo 0-0: Called Strike
0-1: Ball
1-1: Foul Ball, location: 9LMF
1-2: Foul Ball, location: 5FF
1-2: Strikes out looking
Batting: RHB Randy Najera 0-0: Ball
1-0: SINGLE (Line Drive, 7LS, EV 105.6 MPH)
Batting: RHB Dean Cunningham 0-0: Ball
1-0: Foul Ball, location: 3SF
1-1: Ball
2-1: Swinging Strike
2-2: Ball
3-2: Fly out, F6 (Line Drive, 6, EV 71.3 MPH)
Batting: RHB Mason Stapleton 0-0: Swinging Strike
0-1: Foul Ball, location: 23FF
0-2: Ball
1-2: Strikes out looking
Bottom of the 5th over - 0 runs, 1 hit, 0 errors, 1 left on base; Boston 0 - Portland 0
TOP OF THE 6TH
Boston Red Sox batting - Pitching for Portland Hops : RHP Fabian Galloway
Batting: LHB Chase Veliz 0-0: Fly out, F8 (Flyball, 89M, EV 98.8 MPH)
Batting: RHB Jalen Duke 0-0: Ball
1-0: Called Strike
1-1: Fly out, F4 (Popup, 4S, EV 82.5 MPH)
Batting: LHB Jaxson Eisley 0-0: Ball
1-0: Called Strike
1-1: Swinging Strike
1-2: Foul Ball, location: 5SF
1-2: Ball
2-2: Ball
3-2: DOUBLE (Flyball, 78D, EV 98.1 MPH)
Pitching: RHP Mancio Soto
Batting: SHB Christian Gibbs 0-0: Ball
1-0: Ball
2-0: Ball
3-0: Base on Balls
Batting: RHB William Spicer 0-0: Called Strike
0-1: Swinging Strike
0-2: Foul Ball, location: 5SF
0-2: Foul Ball, location: 2F
0-2: Ball
1-2: Foul Ball, location: 5F
1-2: Ball
2-2: Fielders Choice at 3rd, U5 (Groundball, 5, EV 101.3 MPH)
Top of the 6th over - 0 runs, 1 hit, 0 errors, 1 left on base; Boston 0 - Portland 0
BOTTOM OF THE 6TH
Portland Hops batting - Pitching for Boston Red Sox : RHP Ángel Villanueva
Batting: LHB Tyler Schember 0-0: Foul Ball, location: 2F
0-1: Ball
1-1: Ball
2-1: Swinging Strike
2-2: Foul Ball, location: 2F
2-2: Strikes out looking
Batting: LHB Roy Popko 0-0: Swinging Strike
0-1: Ground out 6-3 (Groundball, 4D, EV 97.5 MPH)
Batting: RHB Oliver Melendez 0-0: Called Strike
0-1: Ball
1-1: Called Strike
1-2: Strikes out swinging
Bottom of the 6th over - 0 runs, 0 hits, 0 errors, 0 left on base; Boston 0 - Portland 0
TOP OF THE 7TH
Boston Red Sox batting - Pitching for Portland Hops : RHP Mancio Soto
Batting: LHB Ben Viet 0-0: Ball
1-0: Ball
2-0: Called Strike
2-1: Swinging Strike
2-2: Strikes out swinging
Batting: RHB Pooh Whitney 0-0: Foul Ball, location: 3SF
0-1: Ground out U3 (Groundball, 34, EV 85.6 MPH)
Batting: RHB Brooks Tucker 0-0: Called Strike
0-1: Fly out, F5 (Line Drive, 56, EV 70.6 MPH)
Top of the 7th over - 0 runs, 0 hits, 0 errors, 0 left on base; Boston 0 - Portland 0
BOTTOM OF THE 7TH
Portland Hops batting - Pitching for Boston Red Sox : RHP Ángel Villanueva
Batting: RHB Donato Santana 0-0: Fly out, F8 (Flyball, 8LM, EV 81.3 MPH)
Batting: RHB Ben Schubert 0-0: Ball
1-0: Called Strike
1-1: Swinging Strike
1-2: Ball
2-2: Foul Ball, location: 3FF
2-2: Ground out 1-3 (Groundball, 34S, EV 71.3 MPH)
Pinch Hitting: LHB Noah Austin 0-0: Ball
1-0: Ball
2-0: Called Strike
2-1: Fly out, F8 (Flyball, 78M, EV 92.5 MPH)
Bottom of the 7th over - 0 runs, 0 hits, 0 errors, 0 left on base; Boston 0 - Portland 0
TOP OF THE 8TH
Boston Red Sox batting - Pitching for Portland Hops : RHP Mancio Soto
Now in LF: Noah Austin
Now in CF: Randy Najera
Batting: RHB Alastair Cooledge 0-0: Swinging Strike
0-1: Ball
1-1: SINGLE (Groundball, 6MD, EV 108.1 MPH)
Batting: LHB Chase Veliz 0-0: Called Strike
Alastair Cooledge steals 2nd base
0-1: Swinging Strike
0-2: Foul Ball, location: 23FF
0-2: Strikes out swinging
Batting: RHB Jalen Duke 0-0: Called Strike
0-1: SINGLE (Flyball, 8LS, EV 90.0 MPH)
Alastair Cooledge to third
Batting: LHB Jaxson Eisley 0-0: Ball
1-0: Ball
2-0: Ball
3-0: Base on Balls
Jalen Duke to second
Batting: SHB Christian Gibbs 0-0: Foul Ball, location: 25F
0-1: Ball
1-1: Ball
2-1: Ball
3-1: Foul Ball, location: 2F
3-2: Foul Ball, location: 2F
3-2: Grounds into fielders choice 4-2 (Groundball, 34S, EV 92.5 MPH)
Jalen Duke to third
Jaxson Eisley to second
Pitching: RHP Dave Nixon
Batting: RHB William Spicer 0-0: Foul Ball, location: 2F
0-1: Fly out, F8 (Flyball, 89M, EV 84.4 MPH)
Top of the 8th over - 0 runs, 2 hits, 0 errors, 3 left on base; Boston 0 - Portland 0
BOTTOM OF THE 8TH
Portland Hops batting - Pitching for Boston Red Sox : RHP Ángel Villanueva
Pinch Hitting: LHB Hiroshi Takase 0-0: Ball
1-0: Swinging Strike
1-1: Called Strike
1-2: Ball
2-2: Ball
3-2: Base on Balls
Pitching: LHP Louis Favreau
Batting: RHB Dean Cunningham 0-0: Called Strike
0-1: Ball
1-1: Swinging Strike
1-2: Strikes out swinging
Batting: RHB Mason Stapleton 0-0: Ball
1-0: Ball
2-0: Foul Ball, location: 2F
2-1: Ball
3-1: Fly out, F5 (Popup, 5SF, EV 83.8 MPH)
Pinch Hitting: RHB Ike Streit 0-0: Ball
1-0: Ball
2-0: Swinging Strike
2-1: Ball
3-1: Called Strike
3-2: Base on Balls
Hiroshi Takase to second
Batting: LHB Roy Popko 0-0: Fly out, F7 (Line Drive, 78D, EV 83.1 MPH)
Bottom of the 8th over - 0 runs, 0 hits, 0 errors, 2 left on base; Boston 0 - Portland 0
TOP OF THE 9TH
Boston Red Sox batting - Pitching for Portland Hops : RHP Dave Nixon
Now in LF: Hiroshi Takase
Now in CF: Drystan Pritchett
Now in RF: Noah Austin
Batting: LHB Ben Viet 0-0: Ball
1-0: Ground out 3-1 (Groundball, 34S, EV 81.3 MPH)
Batting: RHB Pooh Whitney 0-0: Ball
1-0: Foul Ball, location: 3DF
1-1: Ground out 4-3 (Groundball, 34, EV 96.3 MPH)
Pinch Hitting: RHB Liam Sena 0-0: Foul Ball, location: 2F
0-1: Foul Ball, location: 2F
0-2: Fly out, F6 (Popup, 6S, EV 78.1 MPH)
Top of the 9th over - 0 runs, 0 hits, 0 errors, 0 left on base; Boston 0 - Portland 0
BOTTOM OF THE 9TH
Portland Hops batting - Pitching for Boston Red Sox : LHP Louis Favreau
Pitching: RHP Jayden Spencer
Now at C: Liam Sena
Batting: RHB Oliver Melendez 0-0: Ball
1-0: Fly out, F7 (Line Drive, 78M, EV 93.1 MPH)
Batting: RHB Donato Santana 0-0: Ball
1-0: SINGLE (Popup, 3D, EV 63.1 MPH)
Batting: RHB Ben Schubert 0-0: Called Strike
0-1: Called Strike
0-2: Foul Ball, location: 2F
0-2: Ball
1-2: Strikes out swinging
Batting: LHB Noah Austin 0-0: Foul Ball, location: 2RF
0-1: DOUBLE (Line Drive, 3D, EV 93.8 MPH)
Donato Santana to third
Batting: LHB Hiroshi Takase 0-0: Intentional Walk
Batting: RHB Dean Cunningham 0-0: Ball
1-0: Fly out, F3 (Popup, 3SF, EV 68.8 MPH)
Bottom of the 9th over - 0 runs, 2 hits, 0 errors, 3 left on base; Boston 0 - Portland 0
TOP OF THE 10TH
Boston Red Sox batting - Pitching for Portland Hops : RHP Dave Nixon
Pitching: RHP Antoine Berrios
Batting: RHB Alastair Cooledge 0-0: Ball
1-0: Foul Ball, location: 9LSFF
1-1: Ball
2-1: Called Strike
2-2: Strikes out swinging
Batting: LHB Chase Veliz 0-0: Called Strike
0-1: Ball
1-1: Swinging Strike
1-2: Ground out 1-3 (Groundball, 34S, EV 64.4 MPH)
Batting: RHB Jalen Duke 0-0: Ball
1-0: Foul Ball, location: 2F
1-1: Foul Ball, location: 2F
1-2: Fly out, F8 (Line Drive, 8LM, EV 94.4 MPH)
Top of the 10th over - 0 runs, 0 hits, 0 errors, 0 left on base; Boston 0 - Portland 0
BOTTOM OF THE 10TH
Portland Hops batting - Pitching for Boston Red Sox : RHP Jayden Spencer
Pitching: LHP Iggy Canchola
Batting: RHB Mason Stapleton 0-0: Fly out, F9 (Flyball, 89D, EV 110.0 MPH)
Batting: RHB Drystan Pritchett 0-0: Ball
1-0: Called Strike
1-1: Foul Ball, location: 2F
1-2: Ball
2-2: Strikes out swinging
Batting: LHB Roy Popko 0-0: Ball
1-0: SINGLE (Groundball, 34S, EV 66.3 MPH) (infield hit)
Batting: RHB Oliver Melendez 0-0: Called Strike
0-1: Foul Ball, location: 5F
0-2: Fielders Choice at 2nd, 6-4 (Groundball, 6, EV 84.4 MPH)
Bottom of the 10th over - 0 runs, 1 hit, 0 errors, 1 left on base; Boston 0 - Portland 0
TOP OF THE 11TH
Boston Red Sox batting - Pitching for Portland Hops : RHP Antoine Berrios
Batting: LHB Jaxson Eisley 0-0: Ball
1-0: Called Strike
1-1: Ball
2-1: Fly out, F5 (Popup, 56S, EV 66.3 MPH)
Batting: SHB Christian Gibbs 0-0: Ball
1-0: Called Strike
1-1: Foul Ball, location: 9LSF
1-2: Fly out, F8 (Line Drive, 8RM, EV 90.6 MPH)
Batting: RHB William Spicer 0-0: Ball
1-0: Called Strike
1-1: Ground out 1-3 (Groundball, 13S, EV 65.6 MPH)
Top of the 11th over - 0 runs, 0 hits, 0 errors, 0 left on base; Boston 0 - Portland 0
BOTTOM OF THE 11TH
Portland Hops batting - Pitching for Boston Red Sox : LHP Iggy Canchola
Batting: RHB Donato Santana 0-0: Ball
1-0: Called Strike
1-1: Ground out 6-3 (Groundball, 6, EV 81.9 MPH)
Batting: RHB Ben Schubert 0-0: Foul Ball, location: 3SF
0-1: Called Strike
0-2: DOUBLE (Flyball, 89XD, EV 102.5 MPH)
Batting: LHB Noah Austin 0-0: Foul Ball, location: 25F
0-1: Ball
1-1: Ball
Wild Pitch!
Ben Schubert to third
2-1: Swinging Strike
2-2: Foul Ball, location: 7LSF
2-2: Fly out, F6 (Popup, 6M, EV 58.1 MPH)
Batting: LHB Hiroshi Takase 0-0: Called Strike
0-1: Foul Ball, location: 2F
0-2: Ball
1-2: Ball
2-2: Foul Ball, location: 2F
2-2: Foul Ball, location: 3DF
2-2: Strikes out looking
Bottom of the 11th over - 0 runs, 1 hit, 0 errors, 1 left on base; Boston 0 - Portland 0
TOP OF THE 12TH
Boston Red Sox batting - Pitching for Portland Hops : RHP Antoine Berrios
Batting: LHB Ben Viet 0-0: Ball
1-0: Fly out, F7 (Line Drive, 78M, EV 110.0 MPH)
Batting: RHB Pooh Whitney 0-0: Fly out, F9 (Flyball, 9LSF, EV 83.1 MPH)
Batting: RHB Liam Sena 0-0: Called Strike
0-1: Foul Ball, location: 3DF
0-2: Ball
1-2: Ball
2-2: Ball
3-2: Foul Ball, location: 9LDF
3-2: Strikes out swinging
Top of the 12th over - 0 runs, 0 hits, 0 errors, 0 left on base; Boston 0 - Portland 0
BOTTOM OF THE 12TH
Portland Hops batting - Pitching for Boston Red Sox : LHP Iggy Canchola
Batting: RHB Dean Cunningham 0-0: Called Strike
0-1: Ball
1-1: Ball
2-1: Swinging Strike
2-2: Ball
3-2: Base on Balls
Pitching: RHP José Garza
Batting: RHB Mason Stapleton 0-0: Ball
1-0: Bunted foul
1-1: Ball
2-1: Grounds into double play, 4-6-3 (Groundball, 34S, EV 86.9 MPH)
Batting: RHB Drystan Pritchett 0-0: Ball
1-0: Ball
2-0: Called Strike
2-1: SINGLE (Groundball, 6MD, EV 98.1 MPH)
Batting: LHB Roy Popko 0-0: Swinging Strike
0-1: Ball
1-1: Foul Ball, location: 2F
1-2: Ball
2-2: Strikes out looking
Bottom of the 12th over - 0 runs, 1 hit, 0 errors, 1 left on base; Boston 0 - Portland 0
TOP OF THE 13TH
Boston Red Sox batting - Pitching for Portland Hops : RHP Antoine Berrios
Pitching: RHP Vic Mallery
Batting: RHB Alastair Cooledge 0-0: Fly out, F4 (Line Drive, 4, EV 70.6 MPH)
Batting: LHB Chase Veliz 0-0: Ball
1-0: Foul Ball, location: 7LSFF
1-1: Ball
2-1: Ball
3-1: Ground out 5-3 (Groundball, 56, EV 82.5 MPH)
Batting: RHB Jalen Duke 0-0: Foul Ball, location: 2F
0-1: Called Strike
0-2: Ball
1-2: Strikes out swinging, 2-3 out at first.
Top of the 13th over - 0 runs, 0 hits, 0 errors, 0 left on base; Boston 0 - Portland 0
BOTTOM OF THE 13TH
Portland Hops batting - Pitching for Boston Red Sox : RHP José Garza
Batting: RHB Oliver Melendez 0-0: Ball
1-0: Called Strike
1-1: Called Strike
1-2: SINGLE (Groundball, 5S, EV 74.4 MPH) (infield hit)
Batting: RHB Donato Santana 0-0: Ball
1-0: Ball
2-0: Called Strike
2-1: Ball
3-1: Base on Balls
Oliver Melendez to second
Batting: RHB Ben Schubert 0-0: Sac Bunt to 13S - play at first, batter safe!
Oliver Melendez to third
Donato Santana to second
Batting: LHB Noah Austin 0-0: Ball
1-0: Foul Ball, location: 2LF
1-1: Foul Ball, location: 23F
1-2: GRAND SLAM HOME RUN (Flyball, 89XD, EV 99.4 MPH), Distance : 383 ft
Bottom of the 13th over - 4 runs, 3 hits, 0 errors, 0 left on base; Boston 0 - Portland 4
Tuesday, April 30th , 2024 - OOTP Baseball 24.11 Build 85